 Dungeon Crawl Stone Soup version 0.23.2-33-g5129a83184 (webtiles) character file.

Game seed: 16916787689825947421

20254 LifeCrow the Executioner (level 12, -9/103 (104) HPs)
             Began as a Minotaur Berserker on July 28, 2019.
             Was a High Priest of Trog.
             Mangled by a bog body (15 damage)
             ... on level 2 of the Lair of Beasts.
             The game lasted 00:29:47 (14060 turns).

LifeCrow the Executioner (Minotaur Berserker)      Turns: 14060, Time: 00:29:47

HP:   -9/103 (104)  AC: 15    Str: 26    XL:     12   Next: 43%
MP:   11/11         EV:  8    Int:  7    God:    Trog [*****.]
Gold: 272           SH:  0    Dex: 14    Spells: 11/11 levels left

rFire    . . .     SeeInvis .   G - +4 battleaxe (elec)
rCold    . . .     Gourm    .   (shield currently unavailable)
rNeg     . . .     Faith    .   F - +1 plate armour {rPois}
rPois    +         Spirit   .   (helmet restricted)
rElec    .         Reflect  .   (no cloak)
rCorr    .         Harm     .   J - +2 pair of gloves {Dex+3}
MR       .....     Clarity  +   (no boots)
Stlth    ..........             (no amulet)
HPRegen  0.27/turn              g - +3 ring of intelligence
MPRegen  0.12/turn              (no ring)

@: slowed, very slow
A: retaliatory headbutt, horns 2, clarity, sense surroundings 1
a: Berserk, Trog's Hand, Brothers in Arms, Renounce Religion


You were on level 2 of the Lair of Beasts.
You worshipped Trog.
Trog was extremely pleased with you.
You were not hungry.

You visited 2 branches of the dungeon, and saw 12 of its levels.

You collected 530 gold pieces.
You spent 258 gold pieces at shops.

Inventory:

Hand Weapons
 j - a +1 hand axe of electrocution
 o - a +4 hand axe
 s - a +0 war axe
 x - a +0 scimitar of flaming
 G - a +4 battleaxe of electrocution (weapon)
 I - a +1 demon trident of draining
Missiles
 A - 2 throwing nets (quivered)
Armour
 E - the +2 scale mail "Veary" {*Slow Int+3 Dex+2 Slay+3}
   (You found it on level 9 of the Dungeon)

   It affects your intelligence (+3).
   It affects your dexterity (+2).
   It affects your accuracy and damage with ranged weapons and melee attacks
   (+3).
   It may slow you when you take damage.
 F - a +1 plate armour of poison resistance (worn)
 J - a +2 pair of gloves of dexterity (worn)
Jewellery
 g - a +3 ring of intelligence (left hand)
Wands
 f - a wand of disintegration (7)
 l - a wand of random effects (31)
 m - a wand of flame (17)
 v - a wand of iceblast (5)
 z - a wand of paralysis (9)
Scrolls
 b - 3 scrolls of fear
 d - 6 scrolls of remove curse
 i - 3 scrolls of enchant weapon {unknown}
 q - 2 scrolls of magic mapping
 w - 2 scrolls of noise {unknown}
 y - a scroll of silence {unknown}
 C - 3 scrolls of fog
 D - a scroll of blinking {unknown}
 K - a scroll of teleportation {unknown}
Potions
 a - 3 potions of magic
 e - a potion of haste {unknown}
 h - 3 potions of cancellation {unknown}
 k - a potion of experience {unknown}
 n - 2 potions of might
 p - 3 potions of flight {unknown}
 r - 6 potions of curing
 t - 2 potions of lignification
 u - a potion of invisibility {unknown}
 B - 3 potions of brilliance
 H - 3 potions of heal wounds {unknown}
Comestibles
 c - 30 rations
 L - 3 chunks of flesh


   Skills:
 * Level 9.3 Fighting
 - Level 21.1 Axes
 - Level 2.4 Armour
 - Level 2.1 Dodging


You had 11 spell levels left.
You didn't know any spells.
Your spell library was empty.

Dungeon Overview and Level Annotations

Branches:
Dungeon (10/15)            Temple (0/1) D:4            Lair (2/6) D:10
  Swamp (0/4) Lair:2
  Snake: Lair:2-4    Spider: Lair:2-4       Orc: D:9-12

Altars:
Cheibriados
Fedhas
Gozag
Nemelex Xobeh
Okawaru
Qazlal
Trog
Yredelemnul
The Shining One

Shops:
D:5 [   D:6 [

Annotations:
D:4 1 runed translucent door, Crazy Yiuf
D:8 2 transporters, Revguard's ghost, novice HOFi


Innate Abilities, Weirdness & Mutations

You reflexively headbutt those who attack you in melee.
You have a pair of horns on your head.
You possess an exceptional clarity of mind.
You passively map a small area around you.


Message History

The swamp worm bites you.
You slash the swamp worm!
You kill the swamp worm!
Trog accepts your kill.
The bog body points at you and mumbles some strange words.
The bolt of cold hits you!! The bog body casts a spell at you.
You feel yourself slow down.
The bog body points at you and mumbles some strange words.
The bolt of cold hits you!!
* * * LOW HITPOINT WARNING * * *
The bog body casts a spell at you. The bolt of cold hits you!!
* * * LOW HITPOINT WARNING * * *
As you read the scroll of fear, it crumbles to dust.
You assume a fearsome visage.
The bog body is unaffected.
As you read the scroll labeled CYIKOETWITHRA, it crumbles to dust.
You feel aware of your surroundings.
It was a scroll of magic mapping.
The bog body hits you!
You die...

....,,,,,,,,* *≈,,≈*,,......)....
....,,,,,,,,* *§.§≈**,...........
....,,,,,,,,* *§§§≈**,...........
....,,,,,,,** ♣♣..≈**,...........
....,,,,,,,* ♣≈.♣≈♣*,...........
...........# ♣≈..≈♣*,...........
...........# ♣≈.♣≈♣*,...........
...........##♣♣≈n.♣♣*,...........
...........#.♣♣≈@♣≈♣*,...........
..............♣≈..≈♣,,...........
...........#..♣≈..≈♣,,...........
...(..........♣≈..†♣,,...........
..............♣≈♣.≈♣,,...........
..............♣♣..♣♣,,...........
.##.##.#####...♣..♣,,P###.#P#####
#.###### #...♣..♣..P* ####* *##
##...⌠⌠..#**


You could see a bog body.

Vanquished Creatures
  2 hydras
  Harold (D:9)
  Erolcha (D:9)
  A centaur warrior (D:10)
  4 two-headed ogres
  An iron troll (D:10)
  A black mamba (Lair:1)
  A spiny frog (Lair:1)
  Psyche (D:9)
  A komodo dragon (Lair:1)
  An efreet (D:10)
  6 trolls
  3 hippogriffs
  A vampire (D:10)
  Eustachio (D:4)
  30 yaks
  A wyvern (D:10)
  Menkaure (D:5)
  A swamp worm (Lair:2)
  3 water moccasins (Lair:2)
  2 porcupines (Lair:1)
  Duvessa (D:4)
  2 eyes of draining
  2 sky beasts
  4 ice beasts
  3 orc warriors
  A phantom (D:5)
  2 necrophages
  2 ogres
  3 centaurs
  2 crocodiles (Lair:1)
  2 big kobolds
  Blork the orc (D:6)
  4 bullfrogs
  A gnoll sergeant (D:6)
  A wyvern zombie (D:10)
  Dowan (D:4)
  6 killer bees (D:9)
  4 wights (D:8)
  A howler monkey (D:4)
  3 electric eels
  A crimson imp (D:6)
  A quasit (D:10)
  6 orc priests
  6 hounds
  A jelly (D:7)
  A bullfrog skeleton (D:10)
  5 iguanas
  7 orc wizards
  Ijyb (D:5)
  8 worker ants
  A killer bee zombie (D:7)
  A hound skeleton (D:4)
  Robin (D:4)
  12 gnolls
  5 adders
  3 shadow imps
  An adder zombie (D:5)
  5 worms
  A dart slug (D:2)
  7 leopard geckos
  28 orcs
  6 giant cockroaches
  21 goblins
  8 hobgoblins
  8 jackals
  2 quokkas
  A ball python (D:5)
  6 bats
  6 frilled lizards
  A jackal skeleton (D:4)
  10 kobolds
  A quokka skeleton (D:8)
  7 rats
  A fungus (Lair:1)
  A plant (D:9)
291 creatures vanquished.

Vanquished Creatures (collateral kills)
  2 deep trolls (D:10)
  A troll (D:10)
3 creatures vanquished.

Vanquished Creatures (others)
  A wizard (D:9)
1 creature vanquished.

Grand Total: 295 creatures vanquished

Notes
Turn   | Place    | Note
-------+----------+-------------------------------------------
     0 | D:1      | LifeCrow the Minotaur Berserker began the quest for the
                  | Orb.
     0 | D:1      | Reached XP level 1. HP: 19/19 MP: 0/0
    61 | D:1      | Reached skill level 4 in Axes
   150 | D:1      | Reached XP level 2. HP: 26/26 MP: 1/1
   562 | D:1      | Found a glowing golden altar of the Shining One.
   696 | D:2      | Noticed an ogre
   706 | D:2      | Killed an ogre
   706 | D:2      | Reached skill level 6 in Axes
   706 | D:2      | Reached XP level 3. HP: 31/31 MP: 2/2
   706 | D:2      | Reached XP level 4. HP: 39/39 MP: 3/3
   908 | D:2      | Found an iron altar of Okawaru.
   920 | D:2      | Reached ** piety under Trog
  1473 | D:3      | Reached XP level 5. HP: 45/45 MP: 4/4
  1531 | D:3      | Reached skill level 7 in Axes
  1567 | D:3      | Noticed a centaur
  1580 | D:3      | Killed a centaur
  1858 | D:3      | Found a glowing golden altar of the Shining One.
  1858 | D:3      | Found a basalt altar of Yredelemnul.
  1863 | D:3      | Found a faded altar of an unknown god.
  1865 | D:3      | Found a snail-covered altar of Cheibriados.
  1867 | D:3      | Found a blossoming altar of Fedhas.
  2055 | D:3      | Noticed an ice beast
  2063 | D:3      | Killed an ice beast
  2063 | D:3      | Reached skill level 8 in Axes
  2063 | D:3      | Reached XP level 6. HP: 51/51 MP: 5/5
  2542 | D:4      | Reached skill level 9 in Axes
  2559 | D:4      | Reached XP level 7. HP: 44/57 MP: 6/6
  2862 | D:4      | Reached *** piety under Trog
  2862 | D:4      | Reached skill level 10 in Axes
  2863 | D:4      | Noticed Eustachio
  2872 | D:4      | Found an opulent altar of Gozag.
  3054 | D:4      | Killed Eustachio
  3325 | D:4      | Found a sparkling altar of Nemelex Xobeh.
  3396 | D:4      | Noticed Robin
  3401 | D:4      | Reached skill level 11 in Axes
  3408 | D:4      | Killed Robin
  3646 | D:4      | Noticed Dowan
  3647 | D:4      | Noticed Duvessa
  3649 | D:4      | Killed Dowan
  3662 | D:4      | Killed Duvessa
  3662 | D:4      | Reached XP level 8. HP: 24/64 MP: 7/7
  3879 | D:4      | Found a staircase to the Ecumenical Temple.
  4044 | D:4      | Found a runed translucent door.
  4045 | D:4      | Noticed Crazy Yiuf
  4089 | D:5      | Entered Level 5 of the Dungeon
  4112 | D:5      | Noticed Menkaure
  4119 | D:5      | Killed Menkaure
  4119 | D:5      | Reached skill level 12 in Axes
  4371 | D:5      | Noticed Ijyb
  4381 | D:5      | Killed Ijyb
  4395 | D:5      | Found Heduifys's Armour Emporium.
  4413 | D:5      | Reached **** piety under Trog
  5242 | D:6      | Found Otobo's Armour Emporium.
  5249 | D:6      | Noticed Blork the orc
  5293 | D:6      | Killed Blork the orc
  5293 | D:6      | Reached skill level 13 in Axes
  5873 | D:7      | Reached XP level 9. HP: 70/70 MP: 8/8
  6196 | D:7      | Reached skill level 14 in Axes
  6595 | D:8      | Found a glowing golden altar of the Shining One.
  6627 | D:8      | Found a bloodstained altar of Trog.
  6805 | D:8      | Found a transporter.
  6811 | D:8      | Found a transporter.
  6816 | D:8      | Noticed Revguard's ghost (novice HOFi)
  6818 | D:8      | Noticed a queen bee
  7145 | D:8      | Gained mutation: You possess an exceptional clarity of
                  | mind. [potion of mutation]
  7145 | D:8      | Gained mutation: You passively map a small area around you.
                  | [potion of mutation]
  7161 | D:8      | Reached skill level 15 in Axes
  7289 | D:9      | Noticed a troll
  7450 | D:9      | Killed a troll
  7450 | D:9      | Reached skill level 16 in Axes
  7858 | D:9      | Noticed a two-headed ogre
  7869 | D:9      | Killed a two-headed ogre
  7869 | D:9      | Reached XP level 10. HP: 77/77 MP: 9/9
  7949 | D:9      | Noticed Harold
  7966 | D:9      | Noticed Erolcha
  7969 | D:9      | Killed Harold
  7969 | D:9      | Reached skill level 17 in Axes
  7983 | D:9      | Killed Erolcha
  8171 | D:9      | Noticed a two-headed ogre
  8184 | D:9      | Killed a two-headed ogre
  8184 | D:9      | Reached skill level 18 in Axes
  8189 | D:9      | Reached ***** piety under Trog
  8793 | D:9      | Noticed Psyche
  8796 | D:9      | Killed Psyche
  8854 | D:9      | Got a distressingly furry scale mail
  8865 | D:9      | Identified the +2 scale mail "Veary" {*Slow Int+3 Dex+2
                  | Slay+3} (You found it on level 9 of the Dungeon)
  8954 | D:9      | Found a bloodstained altar of Trog.
  8955 | D:9      | Noticed a wizard
  8960 | D:9      | Killed a wizard
  9057 | D:10     | Entered Level 10 of the Dungeon
  9057 | D:10     | Noticed a two-headed ogre
  9064 | D:10     | Killed a two-headed ogre
  9064 | D:10     | Reached XP level 11. HP: 82/82 MP: 10/10
  9434 | D:10     | Reached skill level 19 in Axes
 10155 | D:10     | Received a gift from Trog
 10190 | D:10     | Found a stormy altar of Qazlal.
 10230 | D:10     | Noticed a two-headed ogre
 10234 | D:10     | Killed a two-headed ogre
 10308 | D:10     | Found a staircase to the Lair.
 10385 | D:10     | Noticed a deep troll
 10387 | D:10     | Noticed a deep troll
 10388 | D:10     | Noticed an iron troll
 10389 | D:10     | Noticed an iron troll
 10416 | D:10     | Killed a deep troll
 10416 | D:10     | Reached skill level 20 in Axes
 11068 | D:10     | Noticed a centaur warrior
 11079 | D:10     | Killed a centaur warrior
 11180 | D:10     | Killed a deep troll
 11235 | D:10     | Killed an iron troll
 11840 | Lair:1   | Entered Level 1 of the Lair of Beasts
 11891 | Lair:1   | Reached skill level 21 in Axes
 12230 | Lair:1   | Reached XP level 12. HP: 16/89 MP: 11/11
 12772 | Lair:1   | Reached skill level 5 in Fighting
 13240 | Lair:1   | Noticed a four-headed hydra
 13248 | Lair:1   | Killed a one-headed hydra
 13873 | D:6      | Bought a +2 pair of gloves of dexterity for 258 gold pieces
 13979 | Lair:2   | Noticed a six-headed hydra
 13987 | Lair:2   | Killed a four-headed hydra
 14058 | Lair:2   | HP: 5/103 [bog body/bolt of cold (21)]
 14060 | Lair:2   | Mangled by a bog body

Skill      XL: |  1  2  3  4  5  6  7  8  9 10 11 12 |
---------------+-------------------------------------+-----
Axes           | 4 6 8 9 11 13 16 18 21 | 21.1
Fighting       | 9 |  9.3
Armour         | |  2.4
Dodging        | |  2.1

Action                   |  1- 3 |  4- 6 |  7- 9 | 10-12 || total
-------------------------+-------+-------+-------+-------++-------
Melee: Hand axe          |    34 |    95 |   284 |   196 ||   609
       Headbutt          |     4 |    16 |    41 |    78 ||   139
       Battleaxe         |       |       |       |   126 ||   126
       Scimitar          |       |       |       |    10 ||    10
Invok: Berserk           |     1 |       |     8 |     9 ||    18
       Brothers in Arms  |       |       |       |     2 ||     2
       Trog's Hand       |       |       |       |     1 ||     1
Evoke: Wand              |       |       |       |     5 ||     5
  Use: Scroll            |       |       |    11 |     2 ||    13
       Potion            |       |       |     1 |       ||     1
 Stab: Sleeping          |       |     1 |       |       ||     1
  Eat: Chunk             |       |     6 |    23 |    24 ||    53
       Ration            |       |       |       |     2 ||     2
Armor: Animal skin       |    12 |     5 |       |       ||    17
       Chain mail        |       |    37 |    86 |       ||   123
       Plate armour      |       |       |     2 |   110 ||   112
Dodge: Dodged            |    27 |    32 |    97 |    70 ||   226
